 Dungeon Crawl Stone Soup version 0.20.1-1-g8b1a95d (webtiles) character file.

156 Jail the Cudgeler (level 5, 0/53 HPs)
             Began as a Troll Berserker on Sept 9, 2017.
             Was a Believer of Trog.
             Slain by Crazy Yiuf
             ... wielding a +4 quarterstaff of chaos
              (4 damage)
             ... on level 2 of the Dungeon.
             The game lasted 00:07:43 (1785 turns).

Jail the Cudgeler (Troll Berserker)                 Turns: 1785, Time: 00:07:48

Health: 0/53       AC:  5    Str: 25    XL:     5   Next: 15%
Magic:  4/4        EV: 10    Int:  4    God:    Trog [**....]
Gold:   75         SH:  0    Dex:  9    Spells: 4/4 levels left

rFire    . . .     SeeInvis .   a - +0 mace
rCold    . . .     Gourm    +   (no shield)
rNeg     . . .     Faith    .   b - +0 animal skin
rPois    .         Spirit   .   (helmet restricted)
rElec    .         Reflect  .   (no cloak)
rCorr    .         Harm     .   (gloves unavailable)
MR       .....                  (boots unavailable)
Stlth    +.........             d - amulet of magic regeneration
Regen    0.6/turn               (no ring)
MPRegen  0.2/turn               (no ring)

@: no status effects
A: unfitting armour, claws 3, fast metabolism 3, gourmand, regeneration 1,
shaggy fur 1, tough skin 2
a: Berserk, Trog's Hand, Burn Spellbooks, Renounce Religion


You were on level 2 of the Dungeon.
You worshipped Trog.
Trog was pleased with you.
You were full.

You visited 1 branch of the dungeon, and saw 3 of its levels.

You collected 75 gold pieces.

Inventory:

Hand Weapons
 a - a +0 mace (weapon)
Missiles
 n - 12 poisoned needles
Armour
 b - a +0 animal skin (worn)
Jewellery
 d - an amulet of magic regeneration (around neck)
Scrolls
 e - a scroll of magic mapping {unknown}
 g - a scroll of fog {unknown}
 k - a scroll of identify {unknown}
 l - a scroll of recharging {unknown}
 m - a scroll of enchant armour {unknown}
Potions
 h - a potion of degeneration {unknown}
 i - a potion of heal wounds {unknown}
 j - a potion of curing
Comestibles
 c - 4 bread rations
 f - 2 fruits


   Skills:
 * Level 3.6 Fighting
 * Level 3.9 Maces & Flails
 + Level 3.0 Dodging


You had 4 spell levels left.
You didn't know any spells.

Dungeon Overview and Level Annotations

Branches:
Dungeon (3/15)

Altars:

Annotations:
D:2 Crazy Yiuf


Innate Abilities, Weirdness & Mutations

You are too large for most types of armour.
You have claws for hands.
Your metabolism is lightning-fast.
You like to eat raw meat.
Your natural rate of healing is unusually fast.
You are covered in fur. (AC +1)
You have very tough skin. (AC +2)


Message History

The gnoll hits you but does no damage.
You closely miss the gnoll.
The gnoll is severely wounded.
The gnoll hits you with a halberd!
* * * LOW HITPOINT WARNING * * *
You closely miss the gnoll.
The gnoll is severely wounded.
The gnoll hits you with a halberd.
* * * LOW HITPOINT WARNING * * *
The gnoll barely misses you.
There is a stone staircase leading up here.
You can't go down here!
You recover from your berserk rage.
You climb upwards.
Level annotation: Crazy Yiuf Crazy Yiuf says, "Crazy?
Crazy!?
PORCUPINE!"
Crazy Yiuf closely misses you.
Crazy Yiuf screams, "Cards down canine!"
Crazy Yiuf hits you with a quarterstaff of chaos.
You die...

#
######÷###.#.##
# #...)).#
##†## #
#.####.# #.#
###.# ##.# #.#
..#.###..#
#<####
#.#.##..##
#....#
....#...#
###..#
.###....# #g.#
## #....# #.@#
♣....♣ ####.r#
♣...♣♣ #.##..#
♣♣.♣♣ #.##..#
♣.♣♣ ##.#..#
♣♣.♣
##...#########
♣g♣♣
##..........#
♣♣.♣
##.#########.#
#'# ##.## #.#


You could see Crazy Yiuf and a rat.

Vanquished Creatures
  An orc priest (D:3)
  An orc wizard (D:3)
  A gnoll (D:3)
  An adder (D:2)
  An ooze (D:3)
  A worm (D:2)
  2 dart slugs (D:1)
  2 leopard geckos
  2 orcs (D:3)
  2 ball pythons (D:1)
  10 bats
  2 giant cockroaches
  8 goblins
  7 hobgoblins
  4 jackals (D:1)
  6 kobolds
  A quokka (D:2)
  4 frilled lizards
  A giant cockroach zombie (D:1)
  A jackal zombie (D:1)
  7 rats
65 creatures vanquished.

Notes
Turn   | Place    | Note
-------+----------+-------------------------------------------
     0 | D:1      | Jail the Troll Berserker began the quest for the Orb.
     0 | D:1      | Reached XP level 1. HP: 22/22 MP: 0/0
   183 | D:1      | Reached XP level 2. HP: 29/29 MP: 1/1
   534 | D:1      | Reached XP level 3. HP: 36/36 MP: 2/2
   868 | D:1      | Reached ** piety under Trog
  1297 | D:2      | Reached XP level 4. HP: 37/45 MP: 3/3
  1454 | D:2      | Found a runed door.
  1531 | D:2      | Noticed Crazy Yiuf
  1541 | D:2      | HP: 2/45 [poisoned by Crazy Yiuf]
  1767 | D:3      | Reached XP level 5. HP: 28/53 MP: 4/4
  1781 | D:3      | HP: 1/53 [gnoll/halberd (6)]
  1785 | D:2      | Slain by Crazy Yiuf

Skill      XL: |  1  2  3  4 |
---------------+-------------+-----
Maces & Flails | 3 |  3.9
Fighting       | 3 |  3.6
Dodging        | 3 |  3.0

Action                   |  1- 3 |  4- 6 || total
-------------------------+-------+-------++-------
Melee: Mace              |   172 |    53 ||   225
Invok: Berserk           |       |     1 ||     1
       Trog's Hand       |       |     1 ||     1
  Use: Potion            |       |     1 ||     1
 Stab: Distracted        |     1 |       ||     1
  Eat: Chunk             |    15 |     5 ||    20
Armor: Animal skin       |    87 |    10 ||    97
Dodge: Dodged            |   158 |    25 ||   183
